 Dungeon Crawl Stone Soup version 0.31-a0-1074-g0b22e4e0f1 (webtiles) character file.

Game seed: 14867635004832499813

2757 Smoke131 the Fighter (level 9, -1/100 HPs)
             Began as an Ogre Gladiator on Dec 2, 2023.
             Was an Initiate of Okawaru.
             Slain by a manticore (22 damage)
             ... on level 6 of the Dungeon.
             The game lasted 00:23:23 (8456 turns).

Smoke131 the Fighter (Ogre Gladiator)               Turns: 8456, Time: 00:23:24

Health: -1/100     AC:  5    Str: 24    XL:     9   Next: 69%
Magic:  10/10      EV: 11    Int:  9    God:    Okawaru [......]
Gold:   428        SH:  5    Dex: 16    Spells: 8/8 levels left

rFire   . . .        a - +0 trident (heavy)
rCold   . . .        (no shield)
rNeg    . . .        b - +0 robe
rPois   .            c - +0 hat
rElec   .            j - +1 cloak
rCorr   .            (gloves unavailable)
SInv    .            (boots unavailable)
Will    .....        v - amulet of reflection
Stlth   +            s - +6 ring of dexterity
HPRegen 0.36/turn    (no ring)
MPRegen 0.12/turn

%: reflection
@: spiked
A: large, unfitting armour, tough skin 1
a: Renounce Religion


You were on level 6 of the Dungeon.
You worshipped Okawaru.
Okawaru was noncommittal.
You visited 2 branches of the dungeon, and saw 7 of its levels.

You collected 428 gold pieces.

Inventory:

Hand Weapons
 a - a +0 heavy trident (weapon)
Missiles
 d - 2 throwing nets
 e - a large rock
 p - 5 boomerangs (quivered)
Armour
 b - a +0 robe (worn)
 c - a +0 hat (worn)
 j - a +1 cloak (worn)
Jewellery
 l - a ring of willpower
 s - a +6 ring of dexterity (left hand)
 v - an amulet of reflection (around neck)
Scrolls
 f - 2 scrolls of revelation
 g - a scroll of enchant weapon {unknown}
 h - a scroll of amnesia
 k - a scroll of fear
 m - a scroll of identify
Potions
 i - 2 potions of curing
 n - a potion of enlightenment
 q - 5 potions of brilliance
 t - a potion of lignification


   Skills:
 + Level 9.5 Fighting
 + Level 7.9 Polearms
 + Level 7.9 Throwing
 - Level 3.0 Dodging
 + Level 2.1 Invocations


You had 8 spell levels left.
You didn't know any spells.
Your spell library contained the following spells:

 Spells                   Type           Power      Damage    Failure   Level
 Kiss of Death            Conj/Necr      0%         2d5       38%         1
 Blink                    Tloc           0%         N/A       52%         2
 Lesser Beckoning         Tloc           0%         N/A       52%         2
 Momentum Strike          Conj/Tloc      0%         3d8       52%         2
 Confusing Touch          Hex            0%         N/A       77%         3
 Inner Flame              Hex/Fire       0%         N/A       77%         3
 Dispel Undead            Necr           0%         3d6       99%         4
 Passage of Golubria      Tloc           0%         N/A       99%         4
 Yara's Violent Unravell  Hex/Tmut       0%         3d3       100%        5
 Enfeeble                 Hex            0%         N/A       100%        7
 Tukima's Dance           Hex            Unusable   N/A       N/A         3
 Animate Dead             Necr           Unusable   N/A       N/A         4
 Haunt                    Necr/Summ      Unusable   N/A       N/A         7
 Infestation              Necr           Unusable   N/A       N/A         8

Dungeon Overview and Level Annotations

Branches:
Dungeon (6/15)             Temple (1/1) D:6

Altars:
Ashenzari
Cheibriados
Dithmenos
Elyvilon
Fedhas
Gozag
Kikubaaqudgha
Makhleb
Nemelex Xobeh
Okawaru
Qazlal
Ru
Xom
Zin
The Shining One


Innate Abilities, Weirdness & Mutations

You are too large for most types of armour.
You have tough skin. (AC +1)


Message History

You throw a boomerang.
The boomerang hits the manticore but does no damage.
The manticore is lightly wounded.
Throw: 5 boomerangs
Press: ? - help, Q - select action, (/) - cycle Shift-Dir - straight line, f/p - manticore
Aim: a manticore (moderately wounded, extremely poisoned, 75% to hit)
You throw a boomerang. The boomerang hits the manticore.
The manticore is moderately wounded.
The manticore flicks its tail.
The volley of spikes hits you!
The barbed spikes become lodged in your body.
Throw: 5 boomerangs
Press: ? - help, Q - select action, (/) - cycle Shift-Dir - straight line, f/p - manticore
Aim: a manticore (moderately wounded, extremely poisoned, 75% to hit)
You throw a boomerang.
The boomerang hits the manticore but does no damage.
The manticore is moderately wounded.
Throw: 5 boomerangs
Press: ? - help, Q - select action, (/) - cycle Shift-Dir - straight line, f/p - manticore
Aim: a manticore (heavily wounded, extremely poisoned, 75% to hit)
You throw a boomerang.
The boomerang barely misses the manticore.
The manticore flicks its tail.
The volley of spikes hits you!
The barbed spikes become lodged in your body.
Throw: 5 boomerangs
Press: ? - help, Q - select action, (/) - cycle Shift-Dir - straight line, f/p - manticore
Aim: a manticore (heavily wounded, very poisoned, 75% to hit)
You throw a boomerang. The boomerang hits the manticore!
The manticore is severely wounded.
You closely miss the manticore.
The manticore is severely wounded.
The manticore bites you!!
* * * LOW HITPOINT WARNING * * *
The manticore barely misses you. The manticore claws you.
* * * LOW HITPOINT WARNING * * *
You puncture the manticore!
The manticore is almost dead.
The manticore bites you!!
You die...

##..# *,,,#)# #...# *,*,#.#
#.#.# *,*,#.#
#########.#.###,*,#h####
#####....((........,*,#.O.<#
............(##o#####.######
#####.######...........,,,,*
#.# #.#.#####.##**,** #.#
#.#.H@###,* *,* #.#
#.#..)..#,****,* #.#
#.#.#)#.#,,,,,,* #.#
#.#.#.#.#******* #.#
#.#...#,# *,* #.#####,* *,*
*,,,,,,,* *****,* *********
,,,,,,*


You could see a manticore (very poisoned).

Vanquished Creatures
  Grinder (D:4)
  Menkaure (D:6)
  An orc warrior (D:6)
  An ice beast (D:6)
  4 ogres
  A sky beast (D:6)
  2 centaurs (D:6)
  2 bullfrogs (D:6)
  3 scorpions
  A wight (D:6)
  3 killer bees (D:6)
  A howler monkey (D:5)
  4 orc priests
  6 hounds
  Crazy Yiuf (D:2)
  2 jellies
  A gnoll bouda (D:4)
  4 iguanas
  Terence (D:2)
  5 orc wizards
  Natasha (thrice) (D:3)
  13 adders
  19 gnolls
  2 ufetubi (D:6)
  3 worms
  3 dart slugs
  23 orcs
  10 ball pythons
  3 bats
  3 endoplasms
  A giant cockroach (D:1)
  6 goblins
  6 hobgoblins
  2 jackals (D:3)
  3 kobolds
  3 quokkas
  A frilled lizard (D:1)
  8 rats
157 creatures vanquished.

Notes
Turn   | Place    | Note
-------+----------+-------------------------------------------
     0 | D:1      | Smoke131 the Ogre Gladiator began the quest for the Orb.
     0 | D:1      | Reached XP level 1. HP: 22/22 MP: 1/1
   196 | D:1      | Reached skill level 3 in Fighting
   196 | D:1      | Reached XP level 2. HP: 30/31 MP: 2/2
  1085 | D:2      | Reached XP level 3. HP: 31/37 MP: 3/3
  1199 | D:2      | Identified the +0 quarterstaff "Giantbane" {heavy, *Corrode
                  | rElec Dex+6}
  1449 | D:2      | Found a runed translucent door.
  1450 | D:2      | Noticed Crazy Yiuf
  1908 | D:2      | Reached XP level 4. HP: 37/48 MP: 4/4
  2161 | D:2      | Killed Crazy Yiuf
  2162 | D:2      | Reached skill level 4 in Fighting
  2394 | D:3      | Noticed Terence
  2394 | D:3      | Noticed Natasha
  2413 | D:2      | Killed Terence
  2414 | D:2      | Reached XP level 5. HP: 17/54 MP: 5/5
  2560 | D:3      | Killed Natasha
  2569 | D:3      | Noticed Natasha
  2579 | D:3      | Killed Natasha
  2903 | D:3      | Noticed Natasha
  2906 | D:3      | Killed Natasha
  3174 | D:3      | Reached skill level 5 in Fighting
  3174 | D:3      | Reached XP level 6. HP: 60/66 MP: 6/6
  3940 | D:4      | You fall into a shaft and drop 2 floors!
  3952 | D:6      | Noticed a black bear
  4069 | D:6      | Reached skill level 5 in Polearms
  4073 | D:6      | Noticed an ice beast
  4087 | D:6      | Noticed Menkaure
  4126 | D:6      | Reached XP level 7. HP: 29/72 MP: 7/7
  4287 | D:6      | Reached skill level 5 in Throwing
  4306 | D:6      | Noticed a two-headed ogre
  4574 | D:5      | Entered Level 5 of the Dungeon
  4625 | D:4      | Noticed Grinder
  4817 | D:4      | Reached skill level 6 in Fighting
  4873 | D:4      | Reached XP level 8. HP: 73/84 MP: 8/8
  5129 | D:4      | Found a blossoming altar of Fedhas.
  5343 | D:4      | HP: 3/84 [gnoll/+0 spear (7)]
  6035 | D:4      | Killed Grinder
  6036 | D:4      | Reached skill level 7 in Fighting
  6831 | D:5      | Reached skill level 8 in Fighting
  7025 | D:5      | Reached XP level 9. HP: 88/96 MP: 9/9
  7855 | D:6      | Reached skill level 9 in Fighting
  8074 | D:6      | Found a staircase to the Ecumenical Temple.
  8080 | Temple   | Entered the Ecumenical Temple
  8095 | Temple   | Became a worshipper of Warmaster Okawaru
  8149 | D:6      | Reached skill level 1 in Invocations
  8292 | D:6      | Killed Menkaure
  8444 | D:6      | Noticed a manticore
  8456 | D:6      | Slain by a manticore

Illustrated notes

Levels and vault maps discovered:
D:1:      reono_arrival_forest_river, layout_basic, serial_glass,
          glass_columns_a, glass_columns_a, feat_on_display, feat_on_display,
          feat_on_display, item_on_display_a, chequers_serial_rivers_micro_b
D:2:      layout_basic, minmay_misc_feat_rugged, dreamdust_wishing_well,
          uniq_crazy_yiuf_cottage
D:3:      layout_basic, uniq_terence, uniq_natasha
D:4:      layout_cave_pods, mainiacjoe_overflow_paths, uniq_grinder
D:5:      layout_loops_ring
D:6:      wad_guarded_room, layout_basic, minmay_temple_entry_enclosed_plants,
          st_stairs_7, uniq_menkaure
Temple:   jpeg_temple_clearing

Skill      XL: |  1  2  3  4  5  6  7  8  9 |
---------------+----------------------------+-----
Fighting       | 3 4 5 6 8 9 |  9.5
Dodging        | 3 |  3.0
Throwing       | 3 4 5 7 |  7.9
Polearms       | 4 5 7 |  7.9
Invocations    | 2 |  2.1

Action                     |  1- 3 |  4- 6 |  7- 9 || total
---------------------------+-------+-------+-------++-------
  Melee: Trident           |    95 |   192 |   325 ||   612
         Punch             |     2 |     2 |     5 ||     9
  Throw: Dart              |       |    17 |    22 ||    39
         Boomerang         |       |     1 |    51 ||    52
         Large rock        |       |     1 |     3 ||     4
         Throwing net      |       |       |     2 ||     2
    Use: Scroll            |     2 |    13 |     6 ||    21
         Potion            |       |     4 |     2 ||     6
   Stab: Sleeping          |     1 |       |       ||     1
 Armour: Robe              |    64 |   123 |   268 ||   455
         Skin              |       |    10 |       ||    10
  Dodge: Dodged            |    67 |   125 |   181 ||   373
  Block: Other             |       |    20 |    72 ||    92
         Reflection        |       |       |     2 ||     2

Table legend: (Time is in decaauts)
 A = Elapsed time spent in this place.
 B = Non-inter-level travel time spent in this place.
 C = Inter-level travel time spent in this place.
 D = Time resting spent in this place.
 E = Time spent auto-exploring this place.
 F = Levels seen in this place.
 G = Mean time per level.
                   A        B        C        D        E       F      G
               +--------+--------+--------+--------+--------+-----+--------+
         Total |   8514 |   8098 |    416 |   1617 |   4390 |   7 | 1216.3 |
       Dungeon |   8484 |   8096 |    388 |   1617 |   4390 |   6 | 1414.0 |
        Temple |     30 |      2 |     28 |      0 |      0 |   1 |   30.0 |
               +--------+--------+--------+--------+--------+-----+--------+

Top non-repeatable levels by time:
     D:4: 1971 daAuts
     D:2: 1604 daAuts
     D:6: 1598 daAuts
     D:3: 1214 daAuts
     D:1: 1077 daAuts
     D:5: 1017 daAuts
  Temple: 30 daAuts
